 Dungeon Crawl Stone Soup version 0.16-a0-4024-g0ecf4ac (console) character file.

128 mudo the Slasher (level 4, -3/35 HPs)
             Began as a Mummy Chaos Knight on Feb 18, 2015.
             Slain by Menkaure (11 damage)
             ... on level 4 of the Dungeon.
             The game lasted 00:08:07 (1749 turns).

mudo the Slasher (Mummy Chaos Knight)               Turns: 1749, Time: 00:08:08

Health: -3/35      AC: 15    Str: 16    XL:     4   Next: 87%
Magic:  4/4        EV:  4    Int: 11    God:    Xom [.*....]
Gold:   116        SH:  3    Dex: 14    Spells: 0 memorised, 3 levels left

rFire  x . .     SeeInvis .     a - +0 falchion (chaos)
rCold  + . .     Clarity  .     o - +0 plate armour
rNeg   + + +     SustAb   +     r - +0 buckler
rPois  ∞         Gourm    .     q - +0 helmet
rElec  .         Spirit   .     k - +0 cloak
rCorr  .         Warding  .     (no gloves)
rMut   .         Stasis   .     j - +2 pair of boots
MR     .....                    (no amulet)
Stlth  ..........               n - ring of sustain abilities
                                p - +3 ring of dexterity

@: not resistant to hostile enchantments, extremely unstealthy
A: no food or potions, fire vulnerability, restore body, cold resistance 1,
negative energy resistance 3, poison resistance, torment resistance, unbreathing
a: Renounce Religion


You were on level 4 of the Dungeon.
You worshipped Xom.
You were a plaything of Xom.
You were not hungry.

You visited 1 branch of the dungeon, and saw 4 of its levels.

You collected 116 gold pieces.


   Skills:
 - Level 3.0 Fighting
 + Level 4.6 Long Blades
 - Level 1.5 Armour
 - Level 0.7 Dodging


You had 3 spell levels left.
You didn't know any spells.

Dungeon Overview and Level Annotations

Branches:
Dungeon (4/15)
 Temple: D:4-7

Altars:
Gozag
Kikubaaqudgha

Annotations:
D:4 Menkaure


Innate Abilities, Weirdness & Mutations

You do not eat or drink.
Your flesh is vulnerable to fire.
Your flesh is cold resistant.
You are immune to negative energy.
Your system is resistant to poisons.
You are immune to unholy pain and torment.
You can survive without breathing.

Inventory:

Hand weapons
 a - a +0 falchion of chaos (weapon)
 b - a +0 scimitar
 m - a +1 short sword of draining
Missiles
 e - 28 poisoned needles
 i - 11 stones (quivered)
Armour
 j - a +2 pair of boots (worn)
 k - a +0 cloak (worn)
 o - a +0 plate armour (worn)
 q - a +0 helmet (worn)
 r - a +0 buckler (worn)
 v - a +2 leather armour
Jewellery
 l - an uncursed ring of positive energy
 n - a ring of sustain abilities (right hand)
 p - a +3 ring of dexterity (left hand)
 u - a +3 ring of slaying {unknown}
Scrolls
 c - 5 scrolls of identify {unknown}
 d - 2 scrolls of random uselessness {unknown}
 f - 4 scrolls of teleportation {unknown}
 g - a scroll of enchant armour {unknown}
 h - 3 scrolls of remove curse {unknown}
 s - a scroll of enchant weapon {unknown}
 t - 2 scrolls of blinking {unknown}


Message History

Something hits you but does no damage.
You see here a giant cockroach corpse.
Number of times to repeat, then command key: Command repetition interrupted.
Something hits you but does no damage.
Your shield and plate armour prevent you from hitting something.
You hear some strange, mumbled words.
You closely miss something.
Menkaure appears from thin air!
Reactivating autopickup.
Menkaure hits you but does no damage.
Your shield and plate armour prevent you from hitting Menkaure.
Menkaure hits you! You block Menkaure's attack.
Your shield and plate armour prevent you from hitting Menkaure.
Menkaure hits you!
* * * LOW HITPOINT WARNING * * *
Xom smirks.
You feel aware of your surroundings.
There is an escape hatch in the ceiling here.
Menkaure hits you!
You die...
Xom titters!

** *** *
***,*#.......%..>......
, , *
,***,*#.#############...
, , * ,,,,, #.........#
,## ,,, , *
*,*****#.#######.# *, **
*** *,* #.# #.# * * ,,
#.# #.# *,* **** *.* #.#
#.# ,* . #M#### #.# * *
*.## #M...# #.# , > *..#
#.##.# #.# *,,, #.#
#.##.# #(# *, ,
######.#####.##.## #.#
**,, #..<.......#.#...#
#.# * ,
#.####.###.#.#...###.# ,
#.###................# ,
#.....####..........## ,
#.######......!.....# *,


You could see Menkaure.

Action                   |  1- 3 |  4- 6 || total
-------------------------+-------+-------++-------
Melee: Falchion          |   108 |    65 ||   173
       Scimitar          |       |     2 ||     2

Vault maps used:
D:1:      dpeg_arrival_ratfight, st_stairs_8
D:2:      grunt_gozag_statues, uniq_jessica
D:3:      lemuel_coloured_pillars_altar, first_bread, serial_undead,
          serial_undead_f, serial_undead_e, serial_undead_b, serial_undead_f
D:4:      led_xom_imps, uniq_iyjb, uniq_eustachio, uniq_menkaure

Vanquished Creatures
  Jessica (D:2)
  2 worker ant zombies (D:3)
  3 adders
  An ooze (D:2)
  An orc (D:4)
  2 hobgoblins
  9 kobolds
  A quokka (D:2)
  2 ball pythons (D:2)
  5 bats
  2 giant cockroaches
  10 goblins
  3 jackals (D:1)
  9 rats
51 creatures vanquished.

Vanquished Creatures (collateral kills)
  A bat (D:2)
  A goblin (D:2)
2 creatures vanquished.

Vanquished Creatures (others)
  A hound zombie (D:3)
  A kobold zombie (D:2)
2 creatures vanquished.

Grand Total: 55 creatures vanquished

Table legend:
 A = Kills in this place as a percentage of kills in entire the game.
 B = Kills by you in this place as a percentage of kills by you in the entire game.
 C = Kills by friends in this place as a percentage of kills by friends in the entire game.
 D = Other kills in this place as a percentage of other kills in the entire game.
 E = Experience gained in this place as a percentage of experience gained in the entire game.
 F = Experience gained in this place divided by the number of levels of this place that you have seen.
                   A       B       C       D       E      F
               +-------+-------+-------+-------+-------+----------------------
         Total | 100.0 | 100.0 | 100.0 | 100.0 | 100.0 |  46.0
       Dungeon | 100.0 | 100.0 | 100.0 | 100.0 | 100.0 |  46.0
               +-------+-------+-------+-------+-------+----------------------

Table legend:
 A = Turns spent in this place as a percentage of turns spent in the entire game.
 B = Non-inter-level travel turns spent in this place as a percentage of non-inter-level travel turns spent in the entire game.
 C = Inter-level travel turns spent in this place as a percentage of turns spent in this place.
 D = Turns resting spent in this place as a percentage of non-inter-level travel turns spent in this place.
 E = Turns spent auto-exploring this place as a percentage of non-inter-level travel turns spent in this place.
 F = Non-inter-level travel turns spent in this place divided by the number of levels of this place that you've seen.
                   A       B       C       D       E      F
               +-------+-------+-------+-------+-------+----------------------
         Total | 100.0 | 100.0 |   0.6 |   0.3 |  11.8 | 180.8
       Dungeon | 100.0 | 100.0 |   0.6 |   0.3 |  11.8 | 180.8
               +-------+-------+-------+-------+-------+----------------------

Notes
Turn   | Place    | Note
--------------------------------------------------------------
     0 | D:1      | mudo, the Mummy Chaos Knight, began the quest for the Orb.
     0 | D:1      | Reached XP level 1. HP: 18/18 MP: 1/1
   125 | D:1      | XOM: divination: magic mapping
   188 | D:1      | Reached XP level 2. HP: 20/24 MP: 2/2
   250 | D:1      | Reached skill level 3 in Long Blades
   300 | D:1      | You fall through a shaft!
   527 | D:2      | XOM: divination: detect items
   571 | D:2      | Reached XP level 3. HP: 29/29 MP: 3/3
   900 | D:2      | XOM: mild Chrm miscast
   930 | D:2      | Noticed Jessica
   943 | D:2      | Killed Jessica
   943 | D:2      | Reached skill level 4 in Long Blades
   983 | D:2      | Found an opulent altar of Gozag.
  1067 | D:2      | XOM: silly message
  1114 | D:3      | Reached XP level 4. HP: 30/35 MP: 4/4
  1470 | D:3      | XOM: vitrification
  1533 | D:3      | Found an ancient bone altar of Kikubaaqudgha.
  1697 | D:4      | Noticed Menkaure
  1748 | D:4      | XOM: divination: magic mapping
  1749 | D:4      | Slain by Menkaure
